 Dungeon Crawl Stone Soup version 0.18-a0-1041-gbe91bf5 (webtiles) character file.

643 Duffy the Cleaver (level 7, -4/57 HPs)
             Began as a Hill Orc Fighter on Jan 10, 2016.
             Slain by a gnoll
             ... wielding a cursed -2 spear
              (7 damage)
             ... on level 4 of the Dungeon.
             The game lasted 00:02:48 (4126 turns).

Duffy the Cleaver (Hill Orc Fighter)                Turns: 4126, Time: 00:02:49

Health: -4/57      AC:  8    Str: 19    XL:     7   Next: 51%
Magic:  7/7        EV:  7    Int:  8    God:
Gold:   306        SH:  9    Dex: 12    Spells: 0 memorised, 6 levels left

rFire  . . .     SeeInvis .     a - +0 war axe
rCold  + . .     Gourm    .     b - +0 scale mail
rNeg   . . .     Faith    .     c - +0 shield
rPois  .         Spirit   .     y - +0 helmet
rElec  .         Dismiss  .     (no cloak)
rCorr  .         Reflect  .     (no gloves)
SustAt .         Harm     .     (no boots)
MR     .....                    (no amulet)
Stlth  ..........               (no ring)
                                r - ring of protection from cold

@: not resistant to hostile enchantments, extremely unstealthy
A: no striking features
a: no special abilities


You were on level 4 of the Dungeon.
You were hungry.

You visited 1 branch of the dungeon, and saw 4 of its levels.

You collected 306 gold pieces.


   Skills:
 - Level 3.6 Fighting
 + Level 10.6 Axes
 - Level 3.2 Armour
 - Level 3.2 Shields


You had 6 spell levels left.
You didn't know any spells.

Inventory:

Hand Weapons
 a - a +0 war axe (weapon)
Armour
 b - a +0 scale mail (worn)
 c - a +0 shield (worn)
 y - a +0 helmet (worn)
Jewellery
 r - a ring of protection from cold (left hand)
Wands
 x - a wand of frost (20/48)
 A - a wand of polymorph (3/24)
Scrolls
 e - a scroll of amnesia {unknown}
 h - 2 scrolls of remove curse {unknown}
 j - a scroll of fog {unknown}
 k - a scroll of fear {unknown}
 n - a scroll of magic mapping {unknown}
 o - a scroll of recharging {unknown}
 q - 4 scrolls of identify {unknown}
 s - 2 scrolls of teleportation {unknown}
 u - a scroll of enchant weapon {unknown}
Potions
 d - 3 potions of might
 g - a potion of cancellation
 i - a potion of agility {unknown}
 l - a potion of curing
 p - a potion of lignification {unknown}
 t - a potion of flight {unknown}
 v - 2 potions of heal wounds {unknown}
 z - a potion of invisibility {unknown}
Comestibles
 f - 5 bread rations
 m - 3 meat rations
 w - a beef jerky
 B - 8 chunks of flesh

Dungeon Overview and Level Annotations

Branches:
Dungeon (4/15)
 Temple: D:4-7

Altars:
Gozag
Zin


Message History

You block the gnoll's attack. The gnoll hits you but does no damage.
Drink which item? (? for menu, Esc to quit)
It was a potion of curing.
You feel better. The gnoll hits you but does no damage.
The gnoll hits you but does no damage.
You swing at nothing.
You block the gnoll's attack.
The gnoll hits you from afar with a spear.
The gnoll barely misses you.
The gnoll hits you from afar with a spear.
You slash the gnoll!
You kill the gnoll!
You block the worker ant's attack. You block the gnoll's attack.
You slash the worker ant!
The worker ant is heavily wounded.
The worker ant barely misses you. You block the gnoll's attack.
The gnoll hits you but does no damage.
You slash the worker ant!
The worker ant is almost dead.
You block the worker ant's attack. The gnoll barely misses you.
The gnoll hits you but does no damage.
You slash the worker ant!
You kill the worker ant!
The gnoll hits you from afar with a spear.
You block the gnoll's attack.
You swing at nothing.
The gnoll hits you but does no damage. You block the gnoll's attack.
You swing at nothing.
You block the gnoll's attack.
You swing at nothing.
The gnoll hits you but does no damage. The gnoll closely misses you.
You swing at nothing.
The gnoll hits you from afar with a spear.
The gnoll hits you but does no damage.
You swing at nothing.
The gnoll hits you but does no damage.
The gnoll hits you from afar with a spear!
You die...

#.# #.# ###.# ### #.#
.... ..# ##.# #..# #.#
#..# #.g# #.# #<.. #).#
#.# ##.## #..# #.#
############...#
#..###.###.....)........#
#.....g)@..###.######...#
#.####g##### #.# #####
#.####.#######.#
#..............#
######.######### ...#
#####


You could see 2 gnolls.

Action                   |  1- 3 |  4- 6 |  7- 9 || total
-------------------------+-------+-------+-------++-------
Melee: War axe           |   107 |   161 |    57 ||   325
  Use: Potion            |       |       |     2 ||     2
  Eat: Chunk             |     2 |     6 |     2 ||    10

Notes
Turn   | Place    | Note
--------------------------------------------------------------
     0 | D:1      | Duffy the Hill Orc Fighter began the quest for the Orb.
     0 | D:1      | Reached XP level 1. HP: 19/19 MP: 1/1
    20 | D:1      | Reached skill level 3 in Axes
   138 | D:2      | Reached XP level 2. HP: 10/26 MP: 2/2
   427 | D:2      | Reached skill level 4 in Axes
   451 | D:2      | Found an opulent altar of Gozag.
   992 | D:2      | Reached XP level 3. HP: 22/31 MP: 3/3
  1126 | D:2      | Found a glowing silver altar of Zin.
  1254 | D:1      | Reached skill level 5 in Axes
  1725 | D:2      | Reached XP level 4. HP: 31/39 MP: 4/4
  2039 | D:2      | Reached skill level 6 in Axes
  2511 | D:3      | Reached XP level 5. HP: 31/45 MP: 5/5
  2700 | D:3      | Noticed an ice beast
  2707 | D:3      | Noticed Robin
  2711 | D:3      | Killed an ice beast
  2711 | D:3      | Reached skill level 8 in Axes
  2711 | D:3      | Reached XP level 6. HP: 40/51 MP: 6/6
  2722 | D:3      | Killed Robin
  3429 | D:4      | Reached skill level 9 in Axes
  3433 | D:4      | Reached XP level 7. HP: 13/57 MP: 7/7
  3963 | D:4      | Reached skill level 10 in Axes
  4126 | D:4      | Slain by a gnoll

Vault maps used:
D:1:      minmay_arrival_semitransparent, minmay_cupped
D:2:      lemuel_doored_altar, nicolae_gozag_seed_capital
D:3:      first_bread, uniq_robin
D:4:      nemelex_deck, nicolae_ru_path_of_blood, tgw_kikubaaqudgha

Vanquished Creatures
  An ice beast
  An ogre
  A hound
  A gnoll shaman
  An orc priest
  2 centaur skeletons
  An iguana
  An orc wizard
  2 worker ants Robin
  8 adders
  4 gnolls
  4 worms
  2 giant geckos
  5 orcs
  2 ball pythons
  2 bats
  6 giant cockroaches
  17 goblins
  13 hobgoblins
  5 jackals
  7 kobolds
  A quokka
  A giant gecko skeleton
  7 giant newts
  12 rats
108 creatures vanquished.
